 Dungeon Crawl Stone Soup version 0.18-a0-1430-g9c1b2fb (webtiles) character file.

11 Geeful the Firebug (level 2, 17/20 HPs)
             Began as a Draconian Fire Elementalist on Feb 27, 2016.
             Got out of the dungeon alive.
             The game lasted 00:02:27 (622 turns).

Geeful the Firebug (Draconian Fire Elementalist)     Turns: 622, Time: 00:02:27

Health: 17/20      AC:  7    Str: 10    XL:     2   Next: 17%
Magic:  5/5        EV: 12    Int: 15    God:
Gold:   36         SH:  0    Dex: 11    Spells: 1 memorised, 4 levels left

rFire  . . .     SeeInvis .     e - +0 dagger
rCold  . . .     Gourm    .     (armour unavailable)
rNeg   . . .     Faith    .     (no shield)
rPois  .         Spirit   .     (helmet restricted)
rElec  .         Dismiss  .     (no cloak)
rCorr  .         Reflect  .     (no gloves)
SustAt .         Harm     .     i - +2 pair of boots {Fly}
MR     .....                    (no amulet)
Stlth  ++........               (no ring)
                                (no ring)

@: flying, not resistant to hostile enchantments, unstealthy
A: unfitting armour, cold-blooded, AC +4
a: Stop Flying


You escaped.
You were not hungry.

You visited 1 branch of the dungeon, and saw 1 of its levels.

You collected 36 gold pieces.

Inventory:

Hand Weapons
 e - a +0 dagger (weapon)
Missiles
 d - 81 stones (quivered)
Armour
 i - a +2 pair of boots of flying (worn)
Scrolls
 c - a scroll of noise {unknown}
 h - a scroll of remove curse {unknown}
Potions
 f - a potion of brilliance {unknown}
 g - a potion of heal wounds {unknown}
Books
 a - a book of Flames

   Spells                             Type                      Level
   a - Flame Tongue                   Conjuration/Fire             1
   b - Throw Flame                    Conjuration/Fire             2
   c - Conjure Flame                  Conjuration/Fire             3
   d - Inner Flame                    Hexes/Fire                   3
   e - Sticky Flame                   Conjuration/Fire             4
   f - Fireball                       Conjuration/Fire             5
Comestibles
 b - a bread ration
 j - 2 chunks of flesh


   Skills:
 + Level 2.0 Dodging
 + Level 1.8 Stealth
 + Level 2.1 Spellcasting
 + Level 1.1 Conjurations
 + Level 3.3 Fire Magic


You had 4 spell levels left.
You knew the following spells:

 Your Spells              Type           Power        Failure   Level  Hunger
a - Flame Tongue          Conj/Fire      #....        12%         1    #......


Dungeon Overview and Level Annotations

Branches:
Dungeon (1/15)

Altars:


Innate Abilities, Weirdness & Mutations

Your plain brown scales are hard (AC +4).
Your body does not fit into most forms of armour.
You are cold-blooded and may be slowed by cold attacks.


Message History

The kobold barely misses you.
You hit the kobold but do no damage.
The kobold is heavily wounded.
The kobold closely misses you.
You closely miss the kobold.
The kobold is heavily wounded.
The kobold hits you but does no damage.
You hit the kobold but do no damage.
The kobold is heavily wounded.
The kobold barely misses you.
You hit the kobold but do no damage.
The kobold is heavily wounded.
The kobold hits you.
You hit the kobold.
You kill the kobold!
No target in view!
No target in view!
There is a staircase leading out of the dungeon here.
Are you sure you want to leave the Dungeon?
This will make you lose the game!
You have escaped!

#..##...#≈.≈#≈≈§#.# #......
#.###...#≈.≈#§≈§#[# #...###
#.# #...#≈.≈#≈..#.###...#
#.# #...#...#...#.......###
###.#
#...........#........##
#...#
#...........#........#.
##.###
#...........#.......... #..#
#..........†#.........# #.##
#.....@.....#.......#.. #.#
#...........#.......#.. #.#
################..........
#.#
#.....####...........###.#
#.# #..........##........#
#.#
###.###......###.##...####.#
#.# #...........## #.###.##
#.###.# #...........#
#.##..# #......
#...........# #....##
####.#.


There were no monsters in sight!

Vanquished Creatures
  A dart slug (D:1)
  3 goblins (D:1)
  A hobgoblin (D:1)
  A kobold (D:1)
  2 bats (D:1)
  A giant newt (D:1)
9 creatures vanquished.

Notes
Turn   | Place    | Note
--------------------------------------------------------------
     0 | D:1      | Geeful the Draconian Fire Elementalist began the quest for the Orb.
     0 | D:1      | Reached XP level 1. HP: 14/14 MP: 3/3
   476 | D:1      | Reached XP level 2. HP: 20/20 MP: 1/5
   622 | D:$      | Got out of the dungeon alive.

Vault maps used:
D:1:      lightli_arrival_quake

Skill      XL: |  1 |
---------------+----+-----
Dodging        | 2 |  2.0
Stealth        | |  1.8
Spellcasting   | |  2.1
Conjurations   | |  1.1
Fire Magic     | |  3.3

Action                   || total
-------------------------++-------
Melee: Dagger            ||     8
Throw: Stone             ||    16
 Cast: Flame Tongue      ||     7
